AoeStats
← JJY

Arena

508234515Analyzed
1v1 RM · 11d ago on Sep 21, 2026· 44m 56s· 2 players
Game mode
Random Map
Map size
Tiny (2 player)
Population
200
Speed
Normal
Resources
Standard
Victory
Conquest
Starting age
Dark Age
Ending age
Imperial Age
RankedLock teamsTeams togetherTeam positionsShared explorationLock speedFull tech treeHidden civsTurbo modeCheats
Victory
Defeat
🇨🇳 Britons · China
483
+18
🇩🇪 Khmer · Germany
528
-18
JJY
4:21 Loom
11:07 Feudal Age
12:09 Double-Bit Axe
12:07 Horse Collar
17:33 Castle Age
19:17 Gold Mining
19:47 Bow Saw
19:40 Heavy Plow
22:47 Stone Mining
24:19 Wheelbarrow
29:58 Imperial Age
30:00 Gold Shaft Mining
30:25 Fletching
30:35 Scale Mail Armor
30:46 Forging
30:02 Pikeman
30:42 Squires
30:28 Gambesons
31:07 Conscription
32:01 Two-Man Saw
30:51 Halberdier
31:33 Elite Longbowman
33:03 Hand Cart
33:33 Chain Mail Armor
33:16 Bodkin Arrow
35:22 Town Watch
36:25 Bracer
36:26 Padded Archer Armor
36:56 Plate Mail Armor
37:02 Iron Casting
41:03 Ballistics
41:44 Chemistry
40:55 Masonry
40:53 Siege Engineers
41:29 Yeomen
43:49 Hoardings
43:17 Warwolf
R@M
4:12 Loom
8:42 Feudal Age
9:36 Double-Bit Axe
9:36 Horse Collar
10:57 Wheelbarrow
19:07 Castle Age
20:40 Bow Saw
21:52 Gold Mining
23:53 Heavy Plow
27:18 Gold Shaft Mining
26:41 Stone Mining
27:17 Light Cavalry
28:14 Bloodlines
27:39 Crossbowman
28:19 Elite Skirmisher
29:02 Husbandry
29:43 Hand Cart
29:20 Town Watch
30:26 Stone Shaft Mining
31:03 Town Patrol
32:13 Fortified Wall
32:15 Masonry
32:41 Man-at-Arms
32:42 Pikeman
33:08 Arson
35:08 Long Swordsman
39:22 Imperial Age
37:08 Padded Archer Armor
37:09 Scale Mail Armor
37:15 Scale Barding Armor
37:20 Forging
37:01 Fletching
37:35 Ballistics
37:07 Heated Shot
37:22 Murder Holes
40:49 Crop Rotation
40:06 Cavalier
40:07 Elite Battle Elephant
41:48 Two-Handed Swordsman
Connection lost

Rejoining the realm…

Still unreachable

The connection could not be restored.

Session expired

The server has moved on; the page needs a fresh start.